 Dungeon Crawl Stone Soup version 0.23-a0-389-g4a5eb334b0 (webtiles) character file.

3546 LostNumber the Slicer (level 10, -2/64 HPs)
             Began as a Kobold Assassin on Oct 30, 2018.
             Was an Initiate of Trog.
             Slain by an ogre
             ... wielding a +0 giant club
              (23 damage)
             ... on level 7 of the Dungeon.
             The game lasted 00:17:26 (7693 turns).

LostNumber the Slicer (Kobold Assassin)             Turns: 7693, Time: 00:17:26

Health: -2/64      AC:  7    Str: 11    XL:     10   Next: 30%
Magic:  10/10      EV: 17    Int: 12    God:    Trog [......]
Gold:   381        SH:  0    Dex: 24    Spells: 9/9 levels left

rFire    + . .     SeeInvis .   a - +1 hunting sling (freeze)
rCold    . . .     Gourm    .   (shield restricted)
rNeg     . . .     Faith    +   z - +0 ring mail
rPois    .         Spirit   .   (no helmet)
rElec    .         Reflect  .   d - +1 cloak
rCorr    .         Harm     .   (no gloves)
MR       .....                  (no boots)
Stlth    ++++......             B - amulet of faith
HPRegen  0.20/turn              r - ring of protection from fire
MPRegen  0.12/turn              E - +6 ring of dexterity

@: no status effects
A: small, carnivore
a: Renounce Religion


You were on level 7 of the Dungeon.
You worshipped Trog.
Trog was noncommittal.
You were hungry.

You visited 1 branch of the dungeon, and saw 7 of its levels.

You collected 381 gold pieces.

Inventory:

Hand Weapons
 a - a +1 hunting sling of freezing (weapon)
 b - a +0 blowgun
 m - the +0 trident "Arbiter" {pain, rN+ Str-2 Dex+8}
   (You found it on level 6 of the Dungeon)

   In the hands of one skilled in necromantic magic, it inflicts extra damage on
   living creatures.
   It affects your strength (-2).
   It affects your dexterity (+8).
   It protects you from negative energy.
 u - a +2 dagger
Missiles
 e - 24 poisoned needles
 f - a curare-tipped needle
 v - 54 sling bullets
 y - 107 stones (quivered)
Armour
 c - a +0 robe
 d - a +1 cloak (worn)
 z - a +0 ring mail (worn)
Jewellery
 r - a ring of protection from fire (left hand)
 t - an uncursed ring of resist corrosion
 B - an amulet of faith (around neck)
 E - a +6 ring of dexterity (right hand)
Wands
 G - a wand of clouds (3)
Scrolls
 h - 2 scrolls of fog {unknown}
 k - 2 scrolls of teleportation {unknown}
 n - 4 scrolls of enchant weapon
 o - 2 scrolls of remove curse
 p - 2 scrolls of fear {unknown}
 x - a scroll of enchant armour
 D - 3 scrolls of noise {unknown}
 H - 2 scrolls of identify
Potions
 i - 4 potions of curing
 j - 2 potions of ambrosia
 l - 2 potions of agility
 q - 2 potions of flight {unknown}
 s - a potion of brilliance {unknown}
 w - a potion of mutation {unknown}
 C - 2 potions of magic {unknown}
 F - 4 potions of heal wounds
Comestibles
 g - 12 rations


   Skills:
 + Level 7.7 Fighting
 - Level 10.0 Short Blades
 + Level 7.6 Throwing
 + Level 5.1 Dodging
 - Level 10.0 Stealth


You had 9 spell levels left.
You didn't know any spells.
Your spell library was empty.

Dungeon Overview and Level Annotations

Branches:
Dungeon (7/15)
 Temple: D:4-7

Altars:
Ashenzari
Cheibriados
Makhleb
Nemelex Xobeh
Sif Muna
Trog
Xom
Zin

Annotations:
D:5 2 transporters, Azzok's ghost, novice OpEn
D:6 exclusion: oklob plant


Innate Abilities, Weirdness & Mutations

You are small and have problems with some larger weapons.
You are carnivorous and can eat meat at any time.


Message History

Really attack while wielding your +1 hunting sling of freezing?
Okay, then.
Firing (i - inventory. (/) - cycle)
y - 110 stones (quivered)
Press: ? - help, Shift-Dir - straight line, f/p - ogre
Aim: an ogre, wielding a +0 giant club (severely wounded)
You shoot a stone. The stone barely misses the ogre.
The ogre hits you with a +0 giant club!!
Firing (i - inventory. (/) - cycle)
y - 109 stones (quivered)
Press: ? - help, Shift-Dir - straight line, f/p - ogre
Aim: an ogre, wielding a +0 giant club (severely wounded)
You shoot a stone. The stone completely misses the ogre.
The ogre hits you with a +0 giant club!
You are too injured to fight recklessly!
Firing (i - inventory. (/) - cycle)
y - 108 stones (quivered)
Press: ? - help, Shift-Dir - straight line, f/p - ogre
Aim: an ogre, wielding a +0 giant club (severely wounded)
You shoot a stone. The stone hits the ogre.
The stone freezes the ogre.
The ogre is almost dead.
The ogre hits you with a +0 giant club!!
You die...

+.......#
####...##
##...#
#....#
#....#
#.####
#.# #.#
#@# #O#
#.# #.#
#.#
(.....(.#
.##(#####


You could see an ogre.

Vanquished Creatures
  A two-headed ogre (D:3)
  Prince Ribbit (D:6)
  Sigmund (D:4)
  A wyvern (D:4)
  2 sky beasts (D:5)
  2 ice beasts
  An ogre (D:5)
  A necrophage (D:3)
  3 centaurs
  Blork the orc (D:4)
  A bullfrog (D:7)
  A scorpion (D:5)
  2 wights (D:6)
  5 killer bees (D:6)
  2 crimson imps (D:5)
  7 jellies (D:6)
  2 bullfrog zombies (D:5)
  3 hounds
  2 centaur skeletons
  An orc wizard (D:5)
  Jessica (D:3)
  5 worker ants
  A hound zombie (D:6)
  A hound skeleton (D:6)
  A worker ant zombie (D:6)
  4 adders
  9 oozes (D:6)
  An adder zombie (D:6)
  6 worms
  A dart slug (D:2)
  A leopard gecko (D:6)
  24 orcs
  A ball python (D:5)
  7 bats
  4 giant cockroaches
  10 goblins
  4 hobgoblins
  12 jackals
  2 quokkas
  A ball python skeleton (D:4)
  6 frilled lizards
  A giant cockroach zombie (D:5)
  A jackal zombie (D:5)
  6 kobolds
  A quokka skeleton (D:6)
  6 rats
157 creatures vanquished.

Vanquished Creatures (others)
  A wizard (D:6)
  9 fungi (D:6)
10 creatures vanquished.

Grand Total: 167 creatures vanquished

Notes
Turn   | Place    | Note
-------+----------+-------------------------------------------
     0 | D:1      | LostNumber the Kobold Assassin began the quest for the Orb.
     0 | D:1      | Reached XP level 1. HP: 12/12 MP: 1/1
   145 | D:1      | Reached XP level 2. HP: 5/18 MP: 2/2
  1091 | D:2      | Reached XP level 3. HP: 21/22 MP: 3/3
  1634 | D:2      | Reached XP level 4. HP: 25/27 MP: 4/4
  2051 | D:2      | Found a burning altar of Makhleb.
  2131 | D:2      | Reached XP level 5. HP: 32/32 MP: 5/5
  2277 | D:3      | Noticed Jessica
  2280 | D:3      | Killed Jessica
  2348 | D:3      | Reached skill level 5 in Short Blades
  2460 | D:3      | Noticed a two-headed ogre
  2486 | D:3      | Killed a two-headed ogre
  2486 | D:3      | Reached XP level 6. HP: 39/39 MP: 6/6
  2486 | D:3      | Reached XP level 7. HP: 44/44 MP: 7/7
  2486 | D:3      | Reached XP level 8. HP: 48/48 MP: 8/8
  2796 | D:3      | Found a shimmering altar of Xom.
  3211 | D:4      | Noticed a wyvern
  3340 | D:5      | Entered Level 5 of the Dungeon
  3438 | D:5      | Reached skill level 5 in Fighting
  3500 | D:5      | Reached skill level 5 in Throwing
  3681 | D:5      | Found a transporter.
  3769 | D:5      | Found a transporter.
  3782 | D:5      | Noticed Azzok's ghost (novice OpEn)
  4232 | D:5      | Reached XP level 9. HP: 53/53 MP: 9/9
  4661 | D:5      | Found a sparkling altar of Nemelex Xobeh.
  4867 | D:5      | Found a deep blue altar of Sif Muna.
  5033 | D:5      | You fall through a shaft!
  5237 | D:6      | Reached skill level 10 in Short Blades
  5456 | D:6      | Got a polished trident
  5457 | D:6      | Identified the +0 trident "Arbiter" {pain, rN+ Str-2 Dex+8}
                  | (You found it on level 6 of the Dungeon)
  5536 | D:6      | Noticed an oklob plant
  5561 | D:6      | Noticed Prince Ribbit
  5575 | D:6      | Killed Prince Ribbit
  6095 | D:4      | Noticed Blork the orc
  6102 | D:4      | Killed Blork the orc
  6221 | D:4      | Noticed Sigmund
  6226 | D:4      | Killed Sigmund
  6259 | D:4      | Reached XP level 10. HP: 38/61 MP: 10/10
  6329 | D:4      | Reached skill level 10 in Stealth
  6749 | D:4      | Found a snail-covered altar of Cheibriados.
  6758 | D:4      | Found a glowing silver altar of Zin.
  6758 | D:4      | Found a shattered altar of Ashenzari.
  7148 | D:6      | Found a bloodstained altar of Trog.
  7149 | D:6      | Noticed a wizard
  7154 | D:6      | Became a worshipper of Trog the Wrathful
  7155 | D:6      | Killed a wizard
  7482 | D:7      | Reached skill level 5 in Dodging
  7693 | D:7      | Slain by an ogre

Vault maps used:
D:1:      eino_arrival_cavern_a, nrook_loot_triangle
D:2:      makhleb_heckhound_becter
D:3:      lemuel_round_altar, minivault_4, uniq_jessica
D:4:      minitemple, first_ration, uniq_sigmund, uniq_blork_the_orc
D:5:      nemelex_xobeh_ov_fountains_minmay, lemuel_coloured_pillars_altar,
          gammafunk_ghost_mausoleum, dk_vineyard_1,
          hangedman_decor_diamond_cutter
D:6:      lemuel_slime, trog_wizard, uniq_prince_ribbit1
D:7:      cheibrodos_grave_circle, elyvilon_altar_3,
          nicolae_qazlal_style_of_elements

Skill      XL: |  1  2  3  4  5  6  7  8  9 10 |
---------------+-------------------------------+-----
Short Blades   | 3 4 7 9 10 | 10.0
Fighting       | 3 4 5 6 7 |  7.7
Throwing       | 3 4 5 6 7 |  7.6
Stealth        | 7 8 9 10 | 10.0
Dodging        | 3 5 |  5.1

Action                   |  1- 3 |  4- 6 |  7- 9 | 10-12 || total
-------------------------+-------+-------+-------+-------++-------
Melee: Dagger            |   121 |     6 |    19 |     9 ||   155
 Fire: Blowgun           |    10 |     5 |     6 |       ||    21
       Hunting sling     |       |    83 |   422 |    95 ||   600
Evoke: Wand              |       |       |     1 |     1 ||     2
  Use: Scroll            |       |       |    12 |     1 ||    13
       Potion            |       |       |     3 |     1 ||     4
 Stab: Sleeping          |     7 |       |       |     1 ||     8
  Eat: Chunk             |     8 |     5 |     7 |       ||    20
Armor: Robe              |    28 |     5 |       |       ||    33
       Ring mail         |       |     6 |    75 |    10 ||    91
       Skin              |       |       |    15 |       ||    15
Dodge: Dodged            |    84 |    21 |   164 |    32 ||   301

Table legend:
 A = Non-vault XP
 B = Vault XP
 C = Vault XP percentage of total XP
 D = Non-vault monster count
 E = Vault monster count
 F = Vault count percentage of total count
                 A         B        C        D         E       F
            +---------+---------+-------+---------+---------+-------
      Total |    3660 |    1407 |  27.8 |     136 |      21 |  13.4
            +---------+---------+-------+---------+---------+-------
        D:1 |      28 |       0 |   0.0 |      19 |       0 |   0.0
        D:2 |      76 |      42 |  35.6 |      21 |       1 |   4.5
        D:3 |    1075 |      37 |   3.3 |      36 |       1 |   2.7
        D:4 |     441 |     312 |  41.4 |       9 |       2 |  18.2
        D:5 |    1130 |       0 |   0.0 |      32 |       0 |   0.0
        D:6 |     822 |     610 |  42.6 |      18 |      16 |  47.1
        D:7 |      88 |     406 |  82.2 |       1 |       1 |  50.0
            +---------+---------+-------+---------+---------+-------
